PCL
CALGARY COWBOYS @ SPOKANE TRAPPERS
05/22/2029
 
TOP OF THE 1ST
Calgary Cowboys batting - Pitching for Spokane Trappers : LHP Steve Paredes
Pitching: LHP Steve Paredes
Batting: RHB Luis Ibarra 0-0: Called Strike
0-1: Ball
1-1: Fly out, F9 (Flyball, 9)
Batting: RHB Travis Colbert 0-0: Ball
1-0: Ground out 1-3 (Groundball, 13S)
Batting: RHB Tom Rowe 0-0: DOUBLE (Line Drive, 9LS)
Batting: LHB Fred Abrams 0-0: Called Strike
0-1: Ball
1-1: Ball
2-1: Called Strike
2-2: Fly out, F9 (Line Drive, 89S)
Top of the 1st over - 0 runs, 1 hit, 0 errors, 1 left on base; Calgary 0 - Spokane 0
BOTTOM OF THE 1ST
Spokane Trappers batting - Pitching for Calgary Cowboys : LHP Manuel Gil
Pitching: LHP Manuel Gil
Batting: LHB John Cotton 0-0: Ball
1-0: Ball
2-0: Ball
3-0: Base on Balls
Batting: RHB José Aguilera 0-0: SINGLE (Groundball, 6MD)
John Cotton to second
Batting: LHB Ray Bryant 0-0: Ball
1-0: Swinging Strike
1-1: Ball
2-1: Foul Ball, location: 2F
2-2: Strikes out swinging
Batting: RHB Roberto Cruz 0-0: Ground out 6-3 (Groundball, 6S)
John Cotton to third
José Aguilera to second
Batting: LHB Willie Wallace 0-0: Called Strike
0-1: Ball
1-1: Ball
2-1: Ball
3-1: Called Strike
3-2: Foul Ball, location: 2F
3-2: Foul Ball, location: 2F
3-2: Strikes out swinging
Bottom of the 1st over - 0 runs, 1 hit, 0 errors, 2 left on base; Calgary 0 - Spokane 0
TOP OF THE 2ND
Calgary Cowboys batting - Pitching for Spokane Trappers : LHP Steve Paredes
Batting: RHB Mario Sánchez 0-0: Swinging Strike
0-1: Ball
1-1: Ground out 5-3 (Groundball, 56)
Batting: LHB Russell Peck 0-0: Called Strike
0-1: Called Strike
0-2: Ball
1-2: Ball
2-2: Fly out, F9 (Flyball, 9)
Batting: RHB Jorge Balencia 0-0: Ball
1-0: Ball
2-0: DOUBLE (Flyball, 8LD)
Batting: RHB Shayne Burry 0-0: DOUBLE (Line Drive, 78XD)
Jorge Balencia scores
Batting: LHB Miguel Pérez 0-0: Ball
1-0: Swinging Strike
1-1: SINGLE (Groundball, 34D)
Shayne Burry to third
Runner from 3rd tries for Home, SAFE, no throw
Batting: RHB Luis Ibarra 0-0: Ball
1-0: Called Strike
1-1: DOUBLE (Line Drive, 8LXD)
Miguel Pérez to third
Runner from 3rd tries for Home, SAFE, no throw
Batting: RHB Travis Colbert 0-0: Called Strike
0-1: Foul Ball, location: 2F
0-2: Ball
1-2: Ball
2-2: SINGLE (Groundball, 6MD)
Luis Ibarra to third
Runner from 3rd tries for Home, SAFE, no throw
Pitching: RHP José Ruíz
Batting: RHB Tom Rowe 0-0: 2-RUN HOME RUN (Flyball, 7D), Distance : 381 ft
Batting: LHB Fred Abrams 0-0: Foul Ball, location: 2F
0-1: Swinging Strike
0-2: Strikes out looking
Top of the 2nd over - 6 runs, 6 hits, 0 errors, 0 left on base; Calgary 6 - Spokane 0
BOTTOM OF THE 2ND
Spokane Trappers batting - Pitching for Calgary Cowboys : LHP Manuel Gil
Batting: RHB Danny Crouch 0-0: Called Strike
0-1: Ball
1-1: Foul Ball, location: 2F
1-2: Ground out 5-3 (Groundball, 56D)
Batting: RHB Enrique Mendoza 0-0: Fly out, F5 (Line Drive, 5S)
Batting: LHB Tommy Evans 0-0: Ball
1-0: Foul Ball, location: 2F
1-1: Swinging Strike
1-2: Foul Ball, location: 2F
1-2: Strikes out swinging
Bottom of the 2nd over - 0 runs, 0 hits, 0 errors, 0 left on base; Calgary 6 - Spokane 0
TOP OF THE 3RD
Calgary Cowboys batting - Pitching for Spokane Trappers : RHP José Ruíz
Batting: RHB Mario Sánchez 0-0: Ball
1-0: Ball
2-0: Ball
3-0: Base on Balls
Batting: LHB Russell Peck 0-0: Ball
1-0: Swinging Strike
1-1: Foul Ball, location: 2F
1-2: Ball
2-2: Foul Ball, location: 2F
2-2: Foul Ball, location: 2F
2-2: Ball
3-2: Strikes out swinging
Mario Sánchez steals 2nd base
Batter strikes out.
Batting: RHB Jorge Balencia 0-0: Foul Ball, location: 2F
0-1: Ball
1-1: Ball
2-1: Ball
3-1: Foul Ball, location: 2F
3-2: Foul Ball, location: 2F
3-2: Base on Balls
Batting: RHB Shayne Burry 0-0: Called Strike
0-1: Swinging Strike
0-2: Ball
1-2: Strikes out looking
Batting: LHB Miguel Pérez 0-0: Called Strike
0-1: Ground out 4-3 (Groundball, 34)
Top of the 3rd over - 0 runs, 0 hits, 0 errors, 2 left on base; Calgary 6 - Spokane 0
BOTTOM OF THE 3RD
Spokane Trappers batting - Pitching for Calgary Cowboys : LHP Manuel Gil
Batting: RHB António Martínez 0-0: Ball
1-0: Ball
2-0: Ball
3-0: Called Strike
3-1: Foul Ball, location: 2F
3-2: Foul Ball, location: 2F
3-2: Foul Ball, location: 2F
3-2: Foul Ball, location: 2F
3-2: SINGLE (Line Drive, 5D)
Batting: LHB John Cotton 0-0: Ball
1-0: Called Strike
1-1: Called Strike
1-2: Strikes out swinging
Batting: RHB José Aguilera 0-0: Called Strike
0-1: Called Strike
0-2: Fielders Choice at 2nd, 1-6 (Groundball, 13S)
Batting: LHB Ray Bryant 0-0: Ball
1-0: Called Strike
1-1: Fly out, F7 (Flyball, 7)
Bottom of the 3rd over - 0 runs, 1 hit, 0 errors, 1 left on base; Calgary 6 - Spokane 0
TOP OF THE 4TH
Calgary Cowboys batting - Pitching for Spokane Trappers : RHP José Ruíz
Batting: RHB Luis Ibarra 0-0: Called Strike
0-1: Ground out 5-3 (Groundball, 56)
Batting: RHB Travis Colbert 0-0: Foul Ball, location: 2F
0-1: Ball
1-1: Called Strike
1-2: Foul Ball, location: 2F
1-2: Strikes out swinging
Batting: RHB Tom Rowe 0-0: Ball
1-0: Ball
2-0: Ball
3-0: Called Strike
3-1: Ground out 4-3 (Groundball, 4)
Top of the 4th over - 0 runs, 0 hits, 0 errors, 0 left on base; Calgary 6 - Spokane 0
BOTTOM OF THE 4TH
Spokane Trappers batting - Pitching for Calgary Cowboys : LHP Manuel Gil
Batting: RHB Roberto Cruz 0-0: SINGLE (Groundball, 34D)
Batting: LHB Willie Wallace 0-0: Ball
1-0: 2-RUN HOME RUN (Flyball, 9D), Distance : 366 ft
Batting: RHB Danny Crouch 0-0: Called Strike
0-1: Ball
1-1: Ball
2-1: Fly out, F3 (Popup, 3)
Batting: RHB Enrique Mendoza 0-0: SINGLE (Groundball, 56D)
Batting: LHB Tommy Evans 0-0: Swinging Strike
0-1: Ball
1-1: Ball
2-1: Ground out 3-1 (Groundball, 34S)
Enrique Mendoza to second
Batting: RHB António Martínez 0-0: Swinging Strike
0-1: Ball
1-1: Foul Ball, location: 2F
1-2: Strikes out swinging
Bottom of the 4th over - 2 runs, 3 hits, 0 errors, 1 left on base; Calgary 6 - Spokane 2
TOP OF THE 5TH
Calgary Cowboys batting - Pitching for Spokane Trappers : RHP José Ruíz
Batting: LHB Fred Abrams 0-0: Called Strike
0-1: Ball
1-1: Ball
2-1: Ball
3-1: Fly out, F3 (Line Drive, 34)
Batting: RHB Mario Sánchez 0-0: Called Strike
0-1: Ball
1-1: SINGLE (Groundball, 25) (infield hit)
Batting: LHB Russell Peck 0-0: Ball
1-0: Foul Ball, location: 2F
1-1: Grounds into double play, 6-4-3 (Groundball, 6)
Top of the 5th over - 0 runs, 1 hit, 0 errors, 0 left on base; Calgary 6 - Spokane 2
BOTTOM OF THE 5TH
Spokane Trappers batting - Pitching for Calgary Cowboys : LHP Manuel Gil
Batting: LHB John Cotton 0-0: Called Strike
0-1: Called Strike
0-2: Ball
1-2: Foul Ball, location: 2F
1-2: Foul Ball, location: 2F
1-2: Ball
2-2: Ball
3-2: Base on Balls
Batting: RHB José Aguilera 0-0: Called Strike
0-1: Ball
1-1: SINGLE (Groundball, 34D)
John Cotton to second
Runner from 2nd tries for 3rd, SAFE, no throw
Batting: LHB Ray Bryant 0-0: Ball
1-0: Swinging Strike
1-1: Ball
2-1: Foul Ball, location: 2F
2-2: Ball
3-2: Foul Ball, location: 2F
3-2: Fly out, F8 (Flyball, 8RS)
Runner from 3rd tags up, SCORES, no throw
Batting: RHB Roberto Cruz 0-0: Ball
1-0: Ball
2-0: Grounds into double play, 6-4-3 (Groundball, 6)
Bottom of the 5th over - 1 run, 1 hit, 0 errors, 0 left on base; Calgary 6 - Spokane 3
TOP OF THE 6TH
Calgary Cowboys batting - Pitching for Spokane Trappers : RHP José Ruíz
Pitching: RHP Marty Bradford
Batting: RHB Jorge Balencia 0-0: Called Strike
0-1: Ball
1-1: Ground out 4-3 (Groundball, 4)
Batting: RHB Shayne Burry 0-0: Ball
1-0: Ball
2-0: Called Strike
2-1: Called Strike
2-2: Ball
3-2: Foul Ball, location: 2F
3-2: Base on Balls
Batting: LHB Miguel Pérez 0-0: Called Strike
0-1: Fly out, F7 (Line Drive, 7D)
Batting: RHB Luis Ibarra 0-0: SINGLE (Groundball, 6MD)
Shayne Burry to second
Runner from 2nd tries for 3rd, SAFE, no throw
Batting: RHB Travis Colbert 0-0: Called Strike
0-1: Foul Ball, location: 2F
0-2: Ground out 4-3 (Groundball, 4)
Top of the 6th over - 0 runs, 1 hit, 0 errors, 2 left on base; Calgary 6 - Spokane 3
BOTTOM OF THE 6TH
Spokane Trappers batting - Pitching for Calgary Cowboys : LHP Manuel Gil
Pitching: RHP Lorenzo Montáñez
Batting: LHB Willie Wallace 0-0: SOLO HOME RUN (Line Drive, 9LD), Distance : 365 ft
Batting: RHB Danny Crouch 0-0: Called Strike
0-1: Ball
1-1: Foul Ball, location: 2F
1-2: Foul Ball, location: 2F
1-2: Ball
2-2: Ball
3-2: Ground out 6-3 (Groundball, 6)
Batting: RHB Enrique Mendoza 0-0: Called Strike
0-1: Swinging Strike
0-2: Ball
1-2: Ball
2-2: Ball
3-2: Base on Balls
Batting: LHB Tommy Evans 0-0: Ball
1-0: Swinging Strike
1-1: SINGLE (Groundball, 34D)
Enrique Mendoza to second
Throwing error, E9
Enrique Mendoza scores
Tommy Evans to second
Batting: RHB António Martínez 0-0: Fly out, F9 (Flyball, 9S)
Batting: LHB John Cotton 0-0: Ball
1-0: Called Strike
1-1: Ground out 4-3 (Groundball, 4)
Bottom of the 6th over - 2 runs, 2 hits, 1 error, 1 left on base; Calgary 6 - Spokane 5
TOP OF THE 7TH
Calgary Cowboys batting - Pitching for Spokane Trappers : RHP Marty Bradford
Batting: RHB Tom Rowe 0-0: Ball
1-0: Ball
2-0: Ground out 6-3 (Groundball, 6)
Batting: LHB Fred Abrams 0-0: SINGLE (Groundball, 34D)
Pinch Hitting: LHB Del Kennedy 0-0: Called Strike
0-1: Called Strike
0-2: Ball
1-2: Strikes out swinging
Batting: LHB Russell Peck 0-0: Ball
1-0: Ball
2-0: Swinging Strike
2-1: Foul Ball, location: 2F
2-2: Strikes out swinging
Top of the 7th over - 0 runs, 1 hit, 0 errors, 1 left on base; Calgary 6 - Spokane 5
BOTTOM OF THE 7TH
Spokane Trappers batting - Pitching for Calgary Cowboys : RHP Lorenzo Montáñez
Now at 1B: Ryan Cates
Batting: RHB José Aguilera 0-0: Ball
1-0: Ball
2-0: Ball
3-0: Called Strike
3-1: Base on Balls
Pitching: LHP Alfredo Durán
Pinch Hitting: RHB José Herrera 0-0: Ball
1-0: Ball
2-0: Swinging Strike
2-1: Called Strike
2-2: Ball
3-2: Fly out, F8 (Flyball, 8LS)
Pitching: RHP Bert Killick
Pinch Hitting: SHB Mark Wells 0-0: Ball
1-0: Ball
2-0: Called Strike
2-1: Swinging Strike
2-2: Foul Ball, location: 2F
2-2: Ball
3-2: 2-RUN HOME RUN (Line Drive, 9D), Distance : 382 ft
Batting: LHB Willie Wallace 0-0: Ball
1-0: Ball
2-0: Ball
3-0: Called Strike
3-1: Foul Ball, location: 2F
3-2: Base on Balls
Pinch Hitting: LHB Lorenzo Flores 0-0: Ground out U3 (Groundball, 34)
Willie Wallace to second
Pinch Hitting: LHB Stanley Mullins 0-0: Ball
1-0: Fly out, F9 (Flyball, 9S)
Bottom of the 7th over - 2 runs, 1 hit, 0 errors, 1 left on base; Calgary 6 - Spokane 7
TOP OF THE 8TH
Calgary Cowboys batting - Pitching for Spokane Trappers : RHP Marty Bradford
Now at 1B: Gustavo Ortíz
Now at 3B: Dave Mullen
Now in LF: José Herrera
Now in RF: Héctor Rentería
Batting: RHB Jorge Balencia 0-0: Called Strike
0-1: Ball
1-1: Swinging Strike
1-2: DOUBLE (Line Drive, 78XD)
Batting: RHB Shayne Burry 0-0: Swinging Strike
0-1: Called Strike
0-2: Ball
1-2: Foul Ball, location: 2F
1-2: Foul Ball, location: 2F
1-2: Strikes out swinging
Batting: LHB Miguel Pérez 0-0: Foul Ball, location: 2F
0-1: Ball
1-1: Ball
2-1: Foul Ball, location: 2F
2-2: Fly out, F6 (Popup, 6)
Batting: RHB Luis Ibarra 0-0: Ball
1-0: Ball
2-0: Foul Ball, location: 2F
2-1: Ground out 3-1 (Groundball, 34S)
Top of the 8th over - 0 runs, 1 hit, 0 errors, 1 left on base; Calgary 6 - Spokane 7
BOTTOM OF THE 8TH
Spokane Trappers batting - Pitching for Calgary Cowboys : RHP Bert Killick
Batting: LHB Tommy Evans 0-0: Called Strike
0-1: Ball
1-1: Ball
2-1: Ball
3-1: Base on Balls
Batting: RHB António Martínez 0-0: Bunted foul
0-1: Ball
1-1: Sac Bunt - play at first, batter OUT! 1-4
Tommy Evans to second
Pinch Hitting: SHB Chris Bennis 0-0: Ball
1-0: Called Strike
1-1: Ball
2-1: Foul Ball, location: 2F
2-2: Ball
3-2: Strikes out looking
Batting: RHB José Aguilera 0-0: Called Strike
0-1: Ball
1-1: Ball
2-1: Foul Ball, location: 2F
2-2: Ball
3-2: Foul Ball, location: 2F
3-2: Strikes out looking
Bottom of the 8th over - 0 runs, 0 hits, 0 errors, 1 left on base; Calgary 6 - Spokane 7
TOP OF THE 9TH
Calgary Cowboys batting - Pitching for Spokane Trappers : RHP Marty Bradford
Now at 2B: Alberto Velásquez
Pinch Hitting: LHB Freddy Herrera 0-0: Ball
1-0: Called Strike
1-1: Ball
2-1: Fly out, F7 (Flyball, 78D)
Batting: RHB Tom Rowe 0-0: Called Strike
0-1: Ball
1-1: Ball
2-1: Swinging Strike
2-2: Ball
3-2: SINGLE (Flyball, 7S)
Batting: LHB Fred Abrams 0-0: Ball
1-0: Ball
2-0: Grounds into double play, 5-4-3 (Groundball, 56D)
Top of the 9th over - 0 runs, 1 hit, 0 errors, 0 left on base; Calgary 6 - Spokane 7
Saturday, December 16th, 2017 - OOTP Baseball 18.8 Build 76